 Dungeon Crawl Stone Soup version 0.27.1 (webtiles) character file.

Game seed: 577822356312082877

2730 hickop the Cleaver (level 9, -1/106 (117) HPs)
             Began as a Minotaur Berserker on Sept 4, 2021.
             Was an Elder of Trog.
             Slain by a wight (7 damage)
             ... on level 6 of the Dungeon.
             The game lasted 00:16:18 (6951 turns).

hickop the Cleaver (Minotaur Berserker)             Turns: 6951, Time: 00:16:18

HP:   -1/106 (117)  AC: 11    Str: 22    XL:     9   Next: 40%
MP:   8/8           EV:  9    Int:  4    God:    Trog [****..]
Gold: 369           SH:  0    Dex: 13    Spells: 8/8 levels left

rFire    . . .     SeeInvis .   n - +4 battleaxe
rCold    . . .     Faith    .   (shield currently unavailable)
rNeg     . . .     Spirit   .   g - +0 chain mail
rPois    .         Reflect  .   (helmet restricted)
rElec    .         Harm     .   (no cloak)
rCorr    .         Rampage  .   (no gloves)
Will     .....                  (no boots)
Stlth    ..........             (no amulet)
HPRegen  0.27/turn              (no ring)
MPRegen  0.11/turn              (no ring)

@: berserking, drained, very quick
A: horns 2, retaliatory headbutt
a: Renounce Religion, Berserk, Trog's Hand, Brothers in Arms


You were on level 6 of the Dungeon.
You worshipped Trog.
Trog was greatly pleased with you.
You visited 1 branch of the dungeon, and saw 7 of its levels.

You collected 391 gold pieces.
You spent 22 gold pieces at shops.

Inventory:

Hand Weapons
 a - a +0 hand axe of flaming
 n - a +4 battleaxe (weapon)
 w - a +0 war axe
Armour
 g - a +0 chain mail (worn)
 i - +0 acid dragon scales
Jewellery
 c - an amulet of the acrobat
 m - a ring of positive energy
 r - a ring of positive energy
Wands
 k - a wand of paralysis (9)
 p - a wand of iceblast (13)
Scrolls
 s - 2 scrolls of fear
 u - a scroll of blinking
Potions
 b - a potion of mutation
 d - a potion of invisibility
 e - 3 potions of lignification
 f - 2 potions of might
 h - a potion of haste {unknown}
 j - 2 potions of cancellation
 l - 2 potions of flight
 t - a potion of magic {unknown}
 v - 3 potions of curing


   Skills:
 + Level 6.8 Fighting
 * Level 12.1 Axes
 + Level 8.3 Armour
 - Level 2.1 Dodging


You had 8 spell levels left.
You didn't know any spells.
Your spell library was empty.

Dungeon Overview and Level Annotations

Branches:
Dungeon (7/15)             Temple (0/1) D:6

Altars:
Dithmenos
Hepliaklqana
Qazlal
Uskayaw

Shops:
D:2 *:(*(   D:4 ?   D:5 :


Innate Abilities, Weirdness & Mutations

You have a pair of horns on your head.
You reflexively headbutt those who attack you in melee.


Message History

The wight completely misses you.
You climb upwards.
There is a stone staircase leading down here.
You closely miss the wight.
The wight is heavily damaged.
The wight hits you with a +4 battleaxe.
You feel drained.
You hit the wight.
The wight is heavily damaged.
The wight hits you with a +4 battleaxe!
You feel drained.
You closely miss the wight. You headbutt the wight!
You destroy the wight!
Trog accepts your kill.
Things that are here:
a +4 battleaxe; a +0 robe
n - a +4 battleaxe
n - a +4 battleaxe (weapon)
Setting a skill training target for Axes at 20.0.
There is a stone staircase leading down, spattered with blood here.
You climb downwards.
The wight hits you with a +0 hand axe of electrocution.
You are electrocuted!!
The wight hits you with a +7 long sword.
You feel drained. The wight barely misses you.
There is a stone staircase leading up, spattered with blood here.
You barely miss the wight. You slash the wight!
The wight hits you with a +7 long sword!
You feel drained.
* * * LOW HITPOINT WARNING * * *
The wight hits you with a +0 hand axe of electrocution.
* * * LOW HITPOINT WARNING * * *
You feel drained.
The wight hits you with a +7 long sword!
* * * LOW HITPOINT WARNING * * *
The wight misses you.
You climb upwards.
There is a stone staircase leading down, spattered with blood here.
A red film seems to cover your vision as you go berserk!
You feel yourself moving faster!
You feel mighty!
The wight hits you with a +7 long sword!
You die...

#(...##.....########
#............#.....#
##...........'....##
##...........#.....#
.#...#########.....#
.#..<##.....##....##
##...†.............#
##...##..........z.#
##....#.....##.z@..#
#####.#...[.######.#
..§.§#.......# ###
§≈§≈.#.......#
≈≈.§§###+##.####
§§≈.≈##..##.#..#
§.≈.§#.........#
..≈.≈#.........#
≈≈..≈#.........#


You could see 2 wights.

Vanquished Creatures
  Maggie (D:6)
  Menkaure (D:6)
  Edmund (D:4)
  3 water moccasins
  A sky beast (D:3)
  An ice beast (D:6)
  3 ogres (D:5)
  4 necrophages
  A phantom (D:4)
  3 scorpions
  A wyvern zombie (D:6)
  2 water moccasin zombies (D:5)
  4 killer bees (D:6)
  A wight (D:6)
  A howler monkey (D:6)
  2 hounds
  An orc priest (D:6)
  A bullfrog skeleton (D:4)
  Ijyb (D:4)
  2 iguanas (D:6)
  3 orc wizards
  A hound skeleton (D:5)
  8 adders
  A shadow imp (D:5)
  A white imp (D:5)
  An adder skeleton (D:5)
  5 worms
  3 dart slugs
  13 orcs
  6 bats
  7 endoplasms
  2 giant cockroaches (D:2)
  9 goblins
  7 hobgoblins
  10 jackals
  2 quokkas (D:2)
  3 ball pythons
  A frilled lizard (D:1)
  9 kobolds
  10 rats
137 creatures vanquished.

Notes
Turn   | Place    | Note
-------+----------+-------------------------------------------
     0 | D:1      | hickop the Minotaur Berserker began the quest for the Orb.
     0 | D:1      | Reached XP level 1. HP: 19/19 MP: 0/0
   160 | D:1      | Reached skill level 4 in Axes
   162 | D:1      | Reached XP level 2. HP: 22/27 MP: 1/1
   811 | D:1      | Found a faded altar of an unknown god.
  1049 | D:2      | Found Canetoos's General Store.
  1052 | D:2      | Bought a scroll of identify for 22 gold pieces
  1055 | D:2      | Found Hocywuar's Book Boutique.
  1140 | D:2      | Reached ** piety under Trog
  1141 | D:2      | Reached XP level 3. HP: 22/33 MP: 2/2
  1342 | D:2      | Found Bikluuvigh's Weapon Boutique.
  1397 | D:2      | Reached skill level 5 in Axes
  1428 | D:2      | Found Kyudimo's Antique Weapon Emporium.
  1586 | D:2      | Reached XP level 4. HP: 41/41 MP: 3/3
  1710 | D:2      | Found Donadiot's Assorted Antiques.
  2040 | D:3      | Found a hazy altar of Hepliaklqana.
  2138 | D:3      | Noticed a sky beast
  2149 | D:3      | Killed a sky beast
  2150 | D:3      | Reached skill level 6 in Axes
  2150 | D:3      | Reached XP level 5. HP: 47/47 MP: 4/4
  2348 | D:3      | Reached *** piety under Trog
  2682 | D:4      | Reached XP level 6. HP: 48/53 MP: 5/5
  2723 | D:4      | Noticed Edmund
  2736 | D:4      | Killed Edmund
  2737 | D:4      | Reached skill level 7 in Axes
  3356 | D:4      | Reached skill level 5 in Fighting
  3356 | D:4      | Reached skill level 8 in Axes
  3356 | D:4      | Reached XP level 7. HP: 32/61 MP: 6/6
  3547 | D:4      | Noticed Ijyb
  3548 | D:4      | Found Vageow Jeas's Magic Scroll Emporium.
  3553 | D:4      | Paralysed by Ijyb for 4 turns
  3562 | D:4      | Killed Ijyb
  3683 | D:5      | Entered Level 5 of the Dungeon
  4004 | D:5      | Reached skill level 5 in Armour
  4240 | D:5      | Reached skill level 9 in Axes
  4398 | D:5      | Found Niruh's Book Emporium.
  4524 | D:5      | Reached XP level 8. HP: 69/69 MP: 7/7
  4615 | D:5      | Reached skill level 10 in Axes
  5964 | D:6      | Noticed Menkaure
  5973 | D:6      | Killed Menkaure
  5980 | D:6      | Reached skill level 11 in Axes
  6115 | D:6      | Found a hide-covered altar of Uskayaw.
  6124 | D:6      | Reached XP level 9. HP: 77/77 MP: 8/8
  6185 | D:6      | Reached **** piety under Trog
  6458 | D:6      | Found a shadowy altar of Dithmenos.
  6496 | D:6      | Found a staircase to the Ecumenical Temple.
  6504 | D:6      | Noticed Maggie
  6528 | D:6      | Killed Maggie
  6529 | D:6      | Reached skill level 12 in Axes
  6792 | D:6      | Found a stormy altar of Qazlal.
  6949 | D:7      | HP: 3/71 [wight (15)]
  6951 | D:6      | Slain by a wight

Illustrated notes

Levels and vault maps discovered:
D:1:      minmay_arrival_loop, layout_basic,
          shapermc_ecumenical_altar_notcrosses
D:2:      layout_loops_cross, serial_shops, nicolae_shop_behind_doors,
          nicolae_shop_crystal, nicolae_shop_overgrown_old_shop, shop,
          shop_statue
D:3:      layout_loops_cross, lemuel_tele_altar, st_stairs_4
D:4:      layout_basic, serial_shops, nicolae_lakefront_shop, minivault_25,
          uniq_edmund, uniq_ijyb
D:5:      layout_layer_cave, serial_shops, nicolae_take_the_stairs,
          kennysheep_nondescript, kennysheep_big_empty_room,
          minmay_misc_feat_five, minmay_increasing_density
D:6:      layout_gridville, mainiacjoe_overflow_alcove_2,
          mainiacjoe_overflow_paths, grunt_dithmenos_smoke_and_mirrors,
          minmay_temple_entry_arrows, uniq_maggie, uniq_menkaure
D:7:      layout_loops_cross, fedhas_altar_fruit_tree,
          ebering_ghost_rock_garden, hangedman_decor_push

Skill      XL: |  1  2  3  4  5  6  7  8  9 |
---------------+----------------------------+-----
Axes           | 4 5 6 8 9 11 12 | 12.1
Fighting       | 4 5 6 |  6.8
Armour         | 3 4 5 7 8 |  8.3
Dodging        | |  2.1

Action                   |  1- 3 |  4- 6 |  7- 9 || total
-------------------------+-------+-------+-------++-------
Melee: Hand axe          |   102 |   118 |   146 ||   366
       Headbutt          |    16 |    22 |    45 ||    83
       War axe           |       |       |    61 ||    61
       Battleaxe         |       |       |     1 ||     1
Invok: Berserk           |       |     2 |     5 ||     7
  Use: Scroll            |     3 |     4 |     9 ||    16
       Potion            |       |       |     3 ||     3
Armor: Animal skin       |     5 |       |       ||     5
       Ring mail         |    23 |     5 |       ||    28
       Chain mail        |       |    59 |    82 ||   141
Dodge: Dodged            |    49 |    34 |    71 ||   154
